 Dungeon Crawl Stone Soup version 0.21-a0-538-gd16b88a (webtiles) character file.

121 slep the Chopper (level 5, -3/41 HPs)
             Began as a Barachi Gladiator on Dec 15, 2017.
             Slain by an ogre
             ... wielding a +0 giant club
              (12 damage)
             ... on level 4 of the Dungeon.
             The game lasted 00:08:21 (2295 turns).

slep the Chopper (Barachi Gladiator)                Turns: 2295, Time: 00:08:22

Health: -3/41      AC:  7    Str: 16    XL:     5   Next: 5%
Magic:  5/5        EV: 15    Int:  8    God:
Gold:   128        SH:  0    Dex: 14    Spells: 4/4 levels left

rFire    . . .     SeeInvis .   a - +0 war axe
rCold    . . .     Gourm    .   (no shield)
rNeg     . . .     Faith    .   e - +0 ring mail
rPois    +         Spirit   .   c - +0 helmet
rElec    .         Reflect  .   (no cloak)
rCorr    .         Harm     .   h - +0 pair of gloves
MR       .....                  (no boots)
Stlth    +.........             (no amulet)
HPRegen  0.13/turn              g - ring of poison resistance
MPRegen  0.09/turn              s - +3 ring of evasion

@: slow
A: +LOS, swims, slowness 1, strong legs 1
a: Hop


You were on level 4 of the Dungeon.
You were hungry.

You visited 1 branch of the dungeon, and saw 4 of its levels.

You collected 128 gold pieces.

Inventory:

Hand Weapons
 a - a +0 war axe (weapon)
Missiles
 d - 3 throwing nets (quivered)
Armour
 b - a +0 leather armour
 c - a +0 helmet (worn)
 e - a +0 ring mail (worn)
 h - a +0 pair of gloves (worn)
Jewellery
 g - a ring of poison resistance (left hand)
 s - a +3 ring of evasion (right hand)
 v - an uncursed amulet of regeneration {unknown}
Wands
 w - a wand of digging (14)
Scrolls
 i - a scroll of amnesia {unknown}
 j - 2 scrolls of immolation {unknown}
 k - 3 scrolls of remove curse {unknown}
 o - 2 scrolls of teleportation {unknown}
 p - 4 scrolls of identify {unknown}
 q - a scroll of magic mapping {unknown}
Potions
 l - 2 potions of brilliance {unknown}
 m - a potion of might {unknown}
 r - a potion of invisibility {unknown}
 t - a potion of haste {unknown}
 u - 2 potions of curing {unknown}
 x - 2 potions of heal wounds {unknown}
Comestibles
 f - 2 bread rations
 n - 2 royal jellies


   Skills:
 + Level 3.1 Fighting
 + Level 4.9 Axes
 + Level 2.1 Throwing
 + Level 1.2 Armour
 + Level 4.1 Dodging
 + Level 0.1 Stealth


You had 4 spell levels left.
You didn't know any spells.

Dungeon Overview and Level Annotations

Branches:
Dungeon (4/15)
 Temple: D:4-7

Altars:
Cheibriados
Fedhas
Uskayaw
Xom

Annotations:
D:3 Grinder; robertstho's ghost, amateur GrEE


Innate Abilities, Weirdness & Mutations

Shadows flee at your approach. (+LOS)
You can swim through water.
You cover ground slowly.
You can hop short distances.


Message History

You slash the ogre!
The ogre is heavily wounded.
The ogre closely misses you.
You hit the ogre.
The ogre is heavily wounded.
The ogre hits you with a giant club!
You hit the ogre.
The ogre is severely wounded.
The ogre misses you.
You barely miss the ogre.
The ogre is severely wounded.
The ogre hits you with a giant club!!
* * * LOW HITPOINT WARNING * * *
You hit the ogre.
The ogre is almost dead.
The ogre barely misses you.
You hit the ogre.
The ogre is almost dead.
The ogre hits you with a giant club!
You die...

##### #>... #.... ##
#.... $. #....##.
#...... ...#....O##
........@.#
##......#.## ..
#.......#[.# ....
..###%####.###......
... #.<...# ...
###..## ##. ..# ##
.... .####


You could see an ogre.

Vanquished Creatures
  3 adders
  4 dart slugs
  4 worms
  5 leopard geckos
  5 orcs (D:3)
  2 giant cockroaches
  2 goblins
  8 hobgoblins
  8 jackals
  2 quokkas
  3 ball pythons
  8 bats
  5 kobolds
  6 rats
65 creatures vanquished.

Notes
Turn   | Place    | Note
-------+----------+-------------------------------------------
     0 | D:1      | slep the Barachi Gladiator began the quest for the Orb.
     0 | D:1      | Reached XP level 1. HP: 17/17 MP: 1/1
    69 | D:1      | Reached XP level 2. HP: 4/23 MP: 2/2
   210 | D:1      | Reached XP level 3. HP: 7/28 MP: 3/3
   805 | D:2      | Found a hide-covered altar of Uskayaw.
  1047 | D:2      | Reached XP level 4. HP: 32/34 MP: 4/4
  1686 | D:3      | Noticed Grinder
  1735 | D:3      | Reached skill level 1 in Armour
  1905 | D:3      | Found a shimmering altar of Xom.
  1907 | D:3      | Found a shimmering altar of Xom.
  1908 | D:3      | Found a shimmering altar of Xom.
  1908 | D:3      | Found a shimmering altar of Xom.
  1908 | D:3      | Found a shimmering altar of Xom.
  1930 | D:3      | Noticed robertstho's ghost (amateur GrEE)
  2125 | D:3      | Reached XP level 5. HP: 39/41 MP: 5/5
  2130 | D:3      | Found a blossoming altar of Fedhas.
  2135 | D:3      | Found a snail-covered altar of Cheibriados.
  2289 | D:4      | Noticed an ogre
  2295 | D:4      | Slain by an ogre

Vault maps used:
D:1:      lemuel_arrival_cross, minmay_misc_feat_tiny, minmay_misc_feat_chi
D:2:      old_standard_altar, first_bread, minmay_octomino_j4
D:3:      xom_redecorated, nicolae_overflow_hidden_temple, uniq_grinder
D:4:      guppyfry_early_orc_mine

Skill      XL: |  1  2  3  4 |
---------------+-------------+-----
Axes           | 4 |  4.9
Dodging        | 4 |  4.1
Armour         | 1 |  1.2
Fighting       | 3 |  3.1
Throwing       | |  2.1
Stealth        | |  0.1

Action                   |  1- 3 |  4- 6 || total
-------------------------+-------+-------++-------
Melee: War axe           |   115 |    79 ||   194
  Eat: Chunk             |       |     5 ||     5
Armor: Ring mail         |    62 |    22 ||    84
       Leather armour    |     2 |       ||     2
Dodge: Dodged            |   118 |    76 ||   194

Table legend:
 A = Spawn XP
 B = Non-spawn XP
 C = Spawn XP percentage of total XP
 D = Spawn monster count
 E = Non-spawn monster count
 F = Spawn count percentage of total count
 G = Total turns spent on level
                    A         B        C        D         E        F      G
               +---------+---------+-------+---------+---------+-------+---------
         Total |       0 |     173 |   0.0 |       0 |      65 |   0.0 |  2295
               +---------+---------+-------+---------+---------+-------+---------
           D:1 |       0 |      43 |   0.0 |       0 |      22 |   0.0 |   567
           D:2 |       0 |      62 |   0.0 |       0 |      23 |   0.0 |  1229
           D:3 |       0 |      68 |   0.0 |       0 |      20 |   0.0 |   489
               +---------+---------+-------+---------+---------+-------+---------
